 Dungeon Crawl Stone Soup version 0.17.0-7-gfadd4cc (webtiles) character file.

115 xeno23 the Conjurer (level 4, -5/33 HPs)
             Began as a Draconian Conjurer on Nov 8, 2015.
             Killed by divine providence
             ... invoked by an orc priest
              (12 damage)
             ... on level 3 of the Dungeon.
             The game lasted 00:10:12 (1918 turns).

xeno23 the Conjurer (Draconian Conjurer)            Turns: 1918, Time: 00:10:13

Health: -5/33      AC:  6    Str: 10    XL:     4   Next: 68%
Magic:  0/8        EV: 12    Int: 17    God:
Gold:   171        SH:  0    Dex: 11    Spells: 3 memorised, 2 levels left

rFire  . . .     SeeInvis .     n - +0 dagger (flame)
rCold  . . .     Clarity  .     (armour unavailable)
rNeg   . . .     SustAt   .     (no shield)
rPois  .         Gourm    .     (helmet restricted)
rElec  .         Spirit   .     (no cloak)
rCorr  .         Warding  .     (no gloves)
rMut   .         Stasis   .     h - +0 pair of boots
MR     +....                    (no amulet)
Stlth  ++........               (no ring)
                                e - ring of protection from magic

@: very slightly contaminated, somewhat resistant to hostile enchantments,
unstealthy
A: unfitting armour, cold-blooded, AC +5
a: no special abilities


You were on level 3 of the Dungeon.
You were not hungry.

You visited 1 branch of the dungeon, and saw 3 of its levels.

You collected 171 gold pieces.

Inventory:

Hand Weapons
 n - a +0 dagger of flaming (weapon)
Missiles
 j - 6 steel javelins (quivered)
Armour
 h - a +0 pair of boots (worn)
Jewellery
 e - a ring of protection from magic (left hand)
Wands
 l - a wand of paralysis (13)
Potions
 c - a potion of flight {unknown}
 f - a potion of lignification {unknown}
 g - 2 potions of curing {unknown}
Books
 a - a book of Conjurations

   Spells                             Type                      Level
   a - Magic Dart                     Conjuration                  1
   b - Searing Ray                    Conjuration                  2
   c - Dazzling Spray                 Conjuration/Hexes            3
   d - Fulminant Prism                Conjuration/Hexes            4
   e - Iskenderun's Mystic Blast      Conjuration                  4
   f - Iskenderun's Battlesphere      Conjuration/Charms           5
Comestibles
 b - 4 bread rations
 d - 4 chunks of flesh
 i - 2 meat rations
 k - a slice of pizza
 m - a beef jerky


   Skills:
 - Level 1.9 Dodging
 - Level 1.9 Stealth
 + Level 3.0 Spellcasting
 * Level 5.4 Conjurations


You had 2 spell levels left.
You knew the following spells:

 Your Spells              Type           Power        Failure   Level  Hunger
a - Magic Dart            Conj           ###.         1%          1    None
q - Iskenderun's Mystic   Conj           ###.....     21%         4    ####...
s - Searing Ray           Conj           ###...       2%          2    ##.....


Dungeon Overview and Level Annotations

Branches:
Dungeon (3/15)

Altars:
Fedhas
Qazlal
Yredelemnul


Innate Abilities, Weirdness & Mutations

Your plain brown scales are hard (AC +5).
Your body does not fit into most forms of armour.
You are cold-blooded and may be slowed by cold attacks.


Message History

Aiming: Searing Ray
Press: ? - help, Shift-Dir - straight line, f - orc priest
Aim: an orc priest, wielding a flail The searing ray hits the orc priest.
The searing ray hits the orc priest.
The orc priest is lightly wounded.
The searing ray hits the orc priest.
The orc priest is lightly wounded.
The orc priest hits you.
You take 3 damage.
The searing ray misses the orc priest.
The searing ray hits the orc priest.
The orc priest is severely wounded.
The searing ray hits the orc.
You kill the orc!
The orc priest invokes the aid of Beogh against you.
Something smites you!
* * * LOW HITPOINT WARNING * * *
The orc priest calls down the wrath of Beogh upon you.
Something smites you!
You die...

########.......#.#
# ####.####.# ##.
#รท####.# #.oo####
#......## #%...o.#
#########........
#.#
#.......#..#####.
#.#
#.#####.#........
#.#####.#
#.....#....
#..)oo@.#
#.##..#.#..
#######.#
#.##.......
#.#####.##.......
#.......###.##...
######### #......
#.##.#. #...(..
####.## #.##


You could see 2 orc priests.

Vanquished Creatures
  Jessica (D:3)
  3 adders
  An ooze (D:3)
  5 giant geckos
  3 orcs (D:3)
  4 ball pythons
  3 goblins
  5 hobgoblins
  2 jackals (D:3)
  A quokka (D:3)
  11 bats
  4 giant newts
  6 kobolds
  4 rats
53 creatures vanquished.

Notes
Turn   | Place    | Note
--------------------------------------------------------------
     0 | D:1      | xeno23 the Draconian Conjurer began the quest for the Orb.
     0 | D:1      | Reached XP level 1. HP: 14/14 MP: 3/3
   166 | D:1      | Reached XP level 2. HP: 18/20 MP: 0/5
   876 | D:2      | Found a basalt altar of Yredelemnul.
   995 | D:2      | Reached XP level 3. HP: 26/26 MP: 6/6
  1128 | D:2      | Found a stormy altar of Qazlal.
  1566 | D:3      | Reached skill level 5 in Conjurations
  1578 | D:3      | Noticed Jessica
  1582 | D:3      | Killed Jessica
  1582 | D:3      | Reached XP level 4. HP: 21/33 MP: 2/8
  1616 | D:3      | Learned a level 4 spell: Iskenderun's Mystic Blast
  1623 | D:3      | Found a blossoming altar of Fedhas.
  1629 | D:3      | Learned a level 2 spell: Searing Ray
  1918 | D:3      | Killed from afar by an orc priest

Action                   |  1- 3 |  4- 6 || total
-------------------------+-------+-------++-------
Melee: Dagger            |    49 |     7 ||    56
       Unarmed           |     7 |       ||     7
       Short sword       |    25 |    13 ||    38
 Cast: Magic Dart        |    57 |    19 ||    76
       Searing Ray       |       |     1 ||     1
  Use: Scroll            |     6 |       ||     6
 Stab: Sleeping          |     2 |     2 ||     4
  Eat: Chunk             |     3 |     1 ||     4
